 Dungeon Crawl Stone Soup version 0.20.0-15-g7f486f2 (webtiles) character file.

557 renl the Insei (level 7, -6/43 HPs)
             Began as an Octopode Transmuter on July 4, 2017.
             Was an Initiate of Sif Muna.
             Mangled by an orc priest
             ... wielding a +0 flail
              (11 damage)
             ... on level 4 of the Dungeon.
             The game lasted 00:16:23 (3574 turns).

renl the Insei (Octopode Transmuter)                Turns: 3574, Time: 00:16:24

Health: -6/43      AC:  2    Str:  9    XL:     7   Next: 30%
Magic:  12/19      EV: 20    Int: 15    God:    Sif Muna [......]
Gold:   152        SH:  0    Dex: 20    Spells: 6/10 levels left

rFire    + . .     SeeInvis .     - Unarmed
rCold    x . .     Gourm    .   (shield currently unavailable)
rNeg     . . .     Faith    .   (helmet currently unavailable)
rPois    x         Spirit   .   (no amulet)
rElec    .         Reflect  .   i - ring of magical power
rCorr    .         Harm     .   r - ring of fire
MR       .....                  (no ring)
Stlth    +++.......             (no ring)
Regen    0.2/turn               (no ring)
MPRegen  0.2/turn               (no ring)
                                (no ring)
                                (no ring)

@: spider-form (expiring), very slightly contaminated
A: almost no armour, stealthy swim, (amphibious), 8 rings, (constrict 8)
a: End Transformation, Renounce Religion


You were on level 4 of the Dungeon.
You worshipped Sif Muna.
Sif Muna was noncommittal.
You were near starving.
You were a venomous arachnid creature.
You visited 2 branches of the dungeon, and saw 5 of its levels.

You collected 152 gold pieces.

Inventory:

Jewellery
 i - a ring of magical power (left front leg)
 r - a ring of fire (right front leg)
 s - an uncursed ring of stealth {unknown}
Scrolls
 a - a scroll of enchant armour {unknown}
 e - 3 scrolls of remove curse
 g - 2 scrolls of teleportation
 h - a scroll of fog {unknown}
 l - a scroll of random uselessness {unknown}
 m - 3 scrolls of identify {unknown}
 o - a scroll of blinking {unknown}
 p - 2 scrolls of enchant weapon {unknown}
 w - a scroll of magic mapping {unknown}
Potions
 d - a potion of resistance {unknown}
 f - 2 potions of magic {unknown}
 j - 2 potions of degeneration {unknown}
 q - a potion of haste {unknown}
 u - a potion of flight {unknown}
 v - 2 potions of curing {unknown}
 x - a potion of mutation {unknown}
Books
 b - a book of Changes

   Spells                             Type                      Level
   a - Beastly Appendage              Transmutation                1
   b - Sticks to Snakes               Transmutation                2
   c - Spider Form                    Transmutation/Poison         3
   d - Ice Form                       Ice/Transmutation            4
   e - Blade Hands                    Transmutation                5
Comestibles
 c - 4 bread rations
 k - a royal jelly
 n - a meat ration
 t - 5 fruits


   Skills:
 + Level 1.4 Fighting
 + Level 2.4 Dodging
 + Level 3.6 Stealth
 * Level 6.6 Unarmed Combat
 - Level 2.0 Spellcasting
 * Level 3.8 Transmutations
 + Level 0.2 Poison Magic


You had 6 spell levels left.
You knew the following spells:

 Your Spells              Type           Power        Failure   Level  Hunger
a - Beastly Appendage     Tmut           ##....       14%         1    #......
b - Spider Form           Tmut/Pois      #.........   50%         3    ###....


Dungeon Overview and Level Annotations

Branches:
Dungeon (4/15)             Temple (1/1) D:4

Altars:
Ashenzari
Cheibriados
Dithmenos
Elyvilon
Fedhas
Gozag
Kikubaaqudgha
Makhleb
Nemelex Xobeh
Sif Muna
Trog
Uskayaw
Vehumet
Xom
Yredelemnul
The Shining One

Shops:
D:4 !

Annotations:
D:2 Natasha, Sigmund


Innate Abilities, Weirdness & Mutations

You cannot wear most types of armour.
You are very stealthy in the water. (Stealth+)
((You are amphibious.))
You can wear up to eight rings at the same time.
((You can use your tentacles to constrict eight enemies at once.))
((Your skin changes colour to match your surroundings (Stealth+).))
((Your rubbery body absorbs attacks. (AC +1, EV +1)))


Message History

The orc priest is heavily wounded.
Something hits you. The orc completely misses you.
Unknown command.
You bite the orc priest!
You kill the orc priest!
Sif Muna accepts your kill.
Your transformation is almost over.
The orc priest closely misses you. Something hits you.
You hit the orc priest.
The orc priest is lightly wounded.
The orc hits you from afar with a trident.
Something hits you. The orc priest barely misses you.
You barely miss the orc priest.
The orc priest is lightly wounded.
The orc hits you from afar with a trident!
* * * LOW HITPOINT WARNING * * *
Something hits you.
* * * LOW HITPOINT WARNING * * *
The orc priest hits you with a flail!
You die...

...#................#
...#................#
#'##########'####...#
................#####
................#
................#
................#
................######
#.....##########so...#
#.....#...∩# #.{...#
#.....#....# #))...#
#.)...#....# #o....#
#.....#....# #.....#
#.....#....# #.....#
#.....#....# #.....#
#.....###'## #.....#
...........# #######


You could see an orc priest and an orc.

Vanquished Creatures
  Eustachio (D:4)
  An ogre (D:4)
  2 hounds (D:4)
  A bullfrog skeleton (D:4)
  An orc priest (D:4)
  2 orc wizards (D:4)
  A worker ant (D:4)
  4 adders
  2 oozes
  A dart slug (D:1)
  2 leopard geckos
  16 orcs
  6 giant cockroaches
  2 gnoll zombies (D:3)
  7 goblins
  6 hobgoblins
  2 quokkas (D:3)
  3 bats (D:1)
  5 frilled lizards
  7 kobolds
  A quokka skeleton (D:4)
  7 rats
80 creatures vanquished.

Notes
Turn   | Place    | Note
-------+----------+-------------------------------------------
     0 | D:1      | renl the Octopode Transmuter began the quest for the Orb.
     0 | D:1      | Reached XP level 1. HP: 13/13 MP: 3/3
   187 | D:1      | Reached XP level 2. HP: 18/18 MP: 3/5
   445 | D:1      | Reached XP level 3. HP: 19/23 MP: 6/6
   587 | D:1      | Reached skill level 4 in Unarmed Combat
   827 | D:2      | Noticed Natasha
   915 | D:2      | Found a shadowy altar of Dithmenos.
  1038 | D:2      | Noticed Sigmund
  1096 | D:2      | Reached XP level 4. HP: 22/28 MP: 7/7
  1099 | D:2      | Reached skill level 1 in Stealth
  1337 | D:2      | Found a shattered altar of Ashenzari.
  1625 | D:3      | Learned a level 3 spell: Spider Form
  2193 | D:3      | Found a basalt altar of Yredelemnul.
  2278 | D:4      | Noticed an ogre
  2289 | D:4      | Killed an ogre
  2289 | D:4      | Reached skill level 5 in Unarmed Combat
  2289 | D:4      | Reached XP level 5. HP: 33/33 MP: 8/8
  2441 | D:4      | Found Rizeesty's Distillery.
  2469 | D:4      | Reached XP level 6. HP: 31/38 MP: 9/9
  2527 | D:4      | Found a staircase to the Ecumenical Temple.
  2532 | Temple   | Entered the Ecumenical Temple
  2740 | Temple   | Became a worshipper of Sif Muna the Loreminder
  2932 | D:4      | Reached skill level 6 in Unarmed Combat
  2935 | D:4      | HP: 1/38 [orc/mace (3)]
  3260 | D:4      | Noticed Eustachio
  3279 | D:4      | Killed Eustachio
  3279 | D:4      | Reached XP level 7. HP: 28/43 MP: 10/10
  3574 | D:4      | Mangled by an orc priest

Skill      XL: |  1  2  3  4  5  6 |
---------------+-------------------+-----
Unarmed Combat | 4 5 6 |  6.6
Stealth        | 2 3 |  3.6
Transmutations | 3 |  3.8
Fighting       | |  1.4
Dodging        | |  2.4
Spellcasting   | |  2.0
Poison Magic   | |  0.2

Action                   |  1- 3 |  4- 6 |  7- 9 || total
-------------------------+-------+-------+-------++-------
Melee: Unarmed           |    83 |   106 |    18 ||   207
       Kick              |    17 |    12 |     3 ||    32
       Constrict         |    21 |    19 |     2 ||    42
       Tentacles         |    12 |    17 |     2 ||    31
       Punch             |     2 |     1 |       ||     3
 Cast: Beastly Appendage |    12 |    13 |     2 ||    27
       Spider Form       |       |     5 |     2 ||     7
  Use: Scroll            |       |     2 |       ||     2
 Stab: Sleeping          |     5 |     7 |     2 ||    14
       Distracted        |       |     1 |       ||     1
  Eat: Chunk             |     1 |     7 |       ||     8
       Fruit             |       |       |     1 ||     1
Armor: Skin              |     7 |     1 |     1 ||     9
Dodge: Dodged            |    41 |    58 |    13 ||   112
